cohdb
Replays
Latest Replays
All Replays
Popular Replays
Top Player Replays
Match Explorer
How It Works
Community
CoH3 Stats
Reddit
Sign in to upload your games and track your stats! →
Sign in with Steam
Match 43741235
Unlisted
Match 43741235
Overview
Messages
Build Orders
End
Royal Engineer Section
Construct Section Command Post
Selects Canadian Shock Battlegroup
Infantry Section
Dingo Light Scout Car
ML 3-inch Mortar Team
Selects Offensive Resupply
Selects Canadian Shock Section
Infantry Section
Construct Platoon Command Post
Canadian Shock Section
Selects Incendiary Munitions
Construct Field Infirmary
Infantry Training
6-pounder Anti-tank Gun Team
Selects Pyrotechnics
Grenade Package
Pepegers
LionMetrix
pagep
7k this year for sure
0
0
Comments
sign in to comment!
No comments posted yet!